 Dungeon Crawl Stone Soup version 0.27.0-1-g7a089689b8 (webtiles) character file.

Game seed: 3727825277380342150

579 ryw the Insei (level 7, -3/55 HPs)
             Began as a Demonspawn Monk on Aug 12, 2021.
             Slain by a lemure (4 damage)
             ... led by Pikel
             ... on level 5 of the Dungeon.
             The game lasted 00:11:11 (5367 turns).

ryw the Insei (Demonspawn Monk)                     Turns: 5367, Time: 00:11:12

Health: -3/55      AC:  7    Str: 12    XL:     7   Next: 13%
Magic:  7/7        EV: 13    Int: 12    God:
Gold:   249        SH:  0    Dex: 16    Spells: 6/6 levels left

rFire    . . .     SeeInvis .     - Unarmed
rCold    . . .     Faith    .   (no shield)
rNeg     . . .     Spirit   .   j - +2 leather armour {Will+}
rPois    .         Reflect  .   (helmet restricted)
rElec    .         Harm     .   h - +1 cloak
rCorr    .         Rampage  .   (no gloves)
Will     +....                  (no boots)
Stlth    ++........             (no amulet)
HPRegen  0.18/turn              (no ring)
MPRegen  0.10/turn              (no ring)

@: hasted, very quick
A: horns 2, talons 2
a: no special abilities


You were on level 5 of the Dungeon.
You visited 1 branch of the dungeon, and saw 5 of its levels.

You collected 249 gold pieces.

Inventory:

Armour
 h - a +1 cloak (worn)
 j - a +2 leather armour of willpower (worn)
 m - a +0 chain mail of positive energy
Magical Staves
 c - a staff of poison
Wands
 a - a wand of digging (1)
Scrolls
 i - a scroll of magic mapping
 l - 3 scrolls of identify
 n - a scroll of brand weapon
Potions
 e - 2 potions of flight


   Skills:
 + Level 4.9 Fighting
 - Level 0.1 Staves
 + Level 4.4 Dodging
 - Level 1.7 Stealth
 * Level 5.4 Unarmed Combat
 - Level 0.4 Poison Magic


You had 6 spell levels left.
You didn't know any spells.
Your spell library contained the following spells:

 Spells                   Type           Power      Damage    Failure   Level
 Beastly Appendage        Tmut           0%         N/A       38%         1
 Shock                    Conj/Air       0%         1d3       38%         1
 Wereblood                Tmut           0%         N/A       54%         2
 Spider Form              Tmut/Pois      0%         N/A       75%         3
 Frozen Ramparts          Ice            0%         1d2       77%         3
 Ignite Poison            Fire/Tmut/Pois 0%         N/A       77%         3
 Mephitic Cloud           Conj/Pois/Air  0%         N/A       77%         3
 Swiftness                Air            0%         N/A       77%         3
 Airstrike                Air            0%         N/A       99%         4
 Ice Form                 Ice/Tmut       0%         N/A       99%         4
 Summon Ice Beast         Ice/Summ       0%         N/A       99%         4
 Bolt of Magma            Conj/Fire/Erth 0%         4d4       100%        5


Dungeon Overview and Level Annotations

Branches:
Dungeon (5/15)
 Temple: D:4-7

Altars:
Gozag
Sif Muna
Zin

Annotations:
D:4 Eustachio, Purgy
D:5 Pikel


Innate Abilities, Weirdness & Mutations

You have a pair of horns on your head.
You have razor-sharp toenails.


Message History

You closely miss Pikel.
Pikel is severely wounded.
The lemure hits you.
Pikel hits you with a +1 whip of flaming.
Pikel burns you.
You closely miss Pikel. Your headbutt misses Pikel.
Pikel is severely wounded.
You hit Pikel. You claw Pikel, but do no damage.
Pikel is severely wounded.
The lemure hits you.
Pikel says, "You'll make a fine lemure."
Pikel hits you with a +1 whip of flaming.
Pikel burns you.
You closely miss Pikel.
Pikel is severely wounded.
The lemure hits you. Pikel misses you.
You hit Pikel but do no damage.
Pikel is severely wounded.
You hit Pikel. Your kick misses Pikel. Your headbutt misses Pikel.
Pikel is severely wounded.
The lemure hits you. The lemure hits you!
* * * LOW HITPOINT WARNING * * *
Pikel says, "You'll feel the lick of my whip!"
Pikel hits you with a +1 whip of flaming.
* * * LOW HITPOINT WARNING * * *
Pikel burns you.
* * * LOW HITPOINT WARNING * * *
Unknown command.
You hit Pikel. You claw Pikel.
Pikel is almost dead.
The lemure hits you.
* * * LOW HITPOINT WARNING * * *
The lemure barely misses you.
Unknown command.
You hit Pikel but do no damage. You claw Pikel.
Pikel is almost dead.
The lemure hits you.
* * * LOW HITPOINT WARNING * * *
Pikel closely misses you. The lemure hits you.
You die...

#.# ##†#### # #.#
#.##.## # #.#
#[#.#.#####
#.#########..###.....
#.#...........#.#####
#.#............##
#.#..####....#.#
#..55...#.#.##.#
###5@##.#.#.##.#
#.K##........#
#.......#.####
##.####.#.#
#.####.#.# #......#.#
########.# #.# ..#


You could see Pikel and 3 lemures.

Vanquished Creatures
  An ice beast (D:5)
  A necrophage (D:4)
  An ogre (D:3)
  A lemure (D:5)
  A phantom (D:3)
  An orc priest (D:5)
  A bullfrog skeleton (D:4)
  A hound (D:5)
  An iguana (D:4)
  4 adders
  3 adder skeletons (D:4)
  A worm (D:2)
  A dart slug (D:2)
  7 orcs
  4 ball pythons
  3 bats (D:2)
  2 endoplasms
  3 giant cockroaches
  5 goblins
  6 hobgoblins
  17 jackals
  2 quokkas
  2 frilled lizards
  5 kobolds
  6 rats (D:2)
80 creatures vanquished.

Vanquished Creatures (others)
  13 plants (D:5)
13 creatures vanquished.

Grand Total: 93 creatures vanquished

Notes
Turn   | Place    | Note
-------+----------+-------------------------------------------
     0 | D:1      | ryw the Demonspawn Monk began the quest for the Orb.
     0 | D:1      | Reached XP level 1. HP: 18/18 MP: 1/1
   706 | D:1      | Gained mutation: You have sharp toenails. [demonic
                  | ancestry]
   706 | D:1      | Reached XP level 2. HP: 17/24 MP: 2/2
  1089 | D:2      | Reached skill level 3 in Unarmed Combat
  1170 | D:2      | Reached XP level 3. HP: 20/29 MP: 3/3
  2202 | D:2      | Gained mutation: You have a pair of small horns on your
                  | head. [demonic ancestry]
  2202 | D:2      | Reached XP level 4. HP: 37/37 MP: 4/4
  2874 | D:3      | Found a shimmering blue altar of Sif Muna.
  3013 | D:4      | Noticed a phantom
  3015 | D:4      | Noticed Purgy
  3457 | D:4      | Noticed Eustachio
  3457 | D:4      | Noticed a necrophage
  3484 | D:3      | Killed a phantom
  3485 | D:3      | Reached skill level 4 in Unarmed Combat
  3485 | D:3      | Gained mutation: You have a pair of horns on your head.
                  | [demonic ancestry]
  3485 | D:3      | Reached XP level 5. HP: 15/42 MP: 5/5
  3695 | D:5      | Entered Level 5 of the Dungeon
  3864 | D:5      | Noticed an ice beast
  3880 | D:5      | Killed an ice beast
  3881 | D:5      | Reached XP level 6. HP: 49/49 MP: 6/6
  3902 | D:5      | Noticed Pikel
  3919 | D:5      | HP: 2/49 [Pikel (1)]
  4237 | D:4      | Reached skill level 5 in Unarmed Combat
  4345 | D:3      | Gained mutation: You have razor-sharp toenails. [demonic
                  | ancestry]
  4345 | D:3      | Reached XP level 7. HP: 23/55 MP: 7/7
  5109 | D:4      | Found an opulent altar of Gozag.
  5367 | D:5      | HP: 1/55 [lemure[Pikel] (5)]
  5367 | D:5      | Slain by a lemure

Illustrated notes

Levels and vault maps discovered:
D:1:      psy_arrival_terrarium, layout_basic, feat_on_display
D:2:      layout_loops_ring
D:3:      layout_rooms, nicolae_sif_muna_condensation
D:4:      layout_layer_cave, pdpol_temple_overflow_zin_treasury_gozag_greed,
          minmay_close_crescents, uniq_purgy, uniq_eustachio
D:5:      layout_loops_corners, okawaru_altar_gauntlet_db,
          lexackson_kobold_supper, uniq_pikel

Skill      XL: |  1  2  3  4  5  6 |
---------------+-------------------+-----
Dodging        | 3 4 |  4.4
Unarmed Combat | 3 4 5 |  5.4
Fighting       | 4 |  4.9
Staves         | |  0.1
Stealth        | |  1.7
Poison Magic   | |  0.4

Action                   |  1- 3 |  4- 6 |  7- 9 || total
-------------------------+-------+-------+-------++-------
Melee: Unarmed           |   115 |   115 |    43 ||   273
       Staff             |    13 |       |       ||    13
       Punch             |     3 |     1 |     3 ||     7
       Kick              |    19 |    22 |    13 ||    54
       Headbutt          |       |    21 |     6 ||    27
Throw: Dart              |       |     4 |       ||     4
  Use: Scroll            |       |     6 |       ||     6
       Potion            |       |     7 |     1 ||     8
 Stab: Distracted        |     1 |       |       ||     1
       Sleeping          |       |     2 |     1 ||     3
Armor: Robe              |    20 |    11 |       ||    31
       Leather armour    |       |    12 |     5 ||    17
Dodge: Dodged            |    93 |    71 |    24 ||   188
